 Dungeon Crawl Stone Soup version 0.25.1-2-g60ff931df9 (webtiles) character file.

Game seed: 5138634571586876601

2893 Exodus22XD the Carver (level 10, -3/77 HPs)
             Began as a Human Berserker on Oct 16, 2020.
             Was an Elder of Trog.
             Slain by an ogre
             ... wielding a +0 giant club
              (15 damage)
             ... on level 7 of the Dungeon.
             The game lasted 00:14:49 (9144 turns).

Exodus22XD the Carver (Human Berserker)             Turns: 9144, Time: 00:14:50

Health: -3/77      AC: 12    Str: 22      XL:     10   Next: 5%
Magic:  0/10       EV: 12    Int:  7      God:    Trog [****..]
Gold:   229        SH:  0    Dex: 11 (12) Spells: 9/9 levels left

rFire    + . .     SeeInvis .   F - +0 long sword
rCold    + . .     Gourm    .   (no shield)
rNeg     + . .     Faith    .   p - +0 scale mail
rPois    +         Spirit   +   t - +0 helmet
rElec    .         Reflect  .   y - scarf {rC+ rF+}
rCorr    .         Harm     .   B - +2 pair of gloves
MR       .....                  (no boots)
Stlth    ..........             r - amulet of guardian spirit
HPRegen  0.22/turn              w - ring of poison resistance
MPRegen  0.12/turn              I - ring of positive energy

@: studying Short Blades
A: no striking features
a: Berserk, Trog's Hand, Brothers in Arms, Renounce Religion


You were on level 7 of the Dungeon.
You worshipped Trog.
Trog was greatly pleased with you.
You were not hungry.

You visited 1 branch of the dungeon, and saw 7 of its levels.

You collected 313 gold pieces.
You spent 84 gold pieces at shops.

Inventory:

Hand Weapons
 z - a +2 short sword of flaming
 F - a +0 long sword (weapon)
Armour
 p - a +0 scale mail (worn)
 t - a +0 helmet (worn)
 y - a scarf of resistance (worn)
 B - a +2 pair of gloves (worn)
Jewellery
 r - an amulet of guardian spirit (around neck)
 w - a ring of poison resistance (left hand)
 D - a +6 ring of dexterity
 I - a ring of positive energy (right hand)
Wands
 j - a wand of digging (4)
 s - a wand of random effects (18)
 u - a wand of polymorph (9)
 A - a wand of flame (28)
Scrolls
 b - a scroll of amnesia {unknown}
 h - a scroll of teleportation {unknown}
 i - 8 scrolls of identify {unknown}
 m - a scroll of noise {unknown}
 n - a scroll of enchant armour {unknown}
 o - 3 scrolls of fear {unknown}
 q - 2 scrolls of random uselessness {unknown}
 x - 3 scrolls of magic mapping {unknown}
 C - a scroll of blinking {unknown}
Potions
 d - 2 potions of cancellation {unknown}
 e - a potion of heal wounds
 f - 2 potions of might {unknown}
 g - a potion of stabbing {unknown}
 k - 3 potions of degeneration {unknown}
 l - 2 potions of lignification {unknown}
 v - a potion of haste {unknown}
 E - a potion of brilliance {unknown}
 G - 2 potions of mutation {unknown}
 H - a potion of ambrosia {unknown}
Books
 a - a manual of Short Blades
Comestibles
 c - 8 rations


   Skills:
 + Level 6.7 Fighting
 + Level 9.3 Long Blades
 + Level 6.5 Armour
 + Level 5.0 Dodging


You had 9 spell levels left.
You didn't know any spells.
Your spell library was empty.

Dungeon Overview and Level Annotations

Branches:
Dungeon (7/15)             Temple (0/1) D:6

Altars:
Cheibriados
Fedhas
Gozag
Kikubaaqudgha
Qazlal
Sif Muna
Trog
Uskayaw
Wu Jian
Xom

Shops:
D:4 =   D:6 %(


Message History

The quasit is almost dead.
The quasit closely misses you. The quasit claws you.
The quasit barely misses you.
You slash the quasit!
You kill the quasit!
Trog accepts your kill.
You slash the centaur skeleton!
You destroy the centaur skeleton!
Trog accepts your kill.
You barely miss the ogre. The ogre barely misses you.
You slash the ogre!
The ogre is moderately wounded.
You hit the ogre but do no damage.
The ogre is moderately wounded.
The ogre hits you with a +0 giant club!
* * * LOW HITPOINT WARNING * * *
You closely miss the ogre.
The ogre is moderately wounded.
The ogre hits you with a +0 giant club!!
You die...

##....#..........
###................
##....#.............
#.....##...........#
###....##...........
##.........#........
#...#....#.#.#......
###O##....###.......
#@#######.##......
###...........##....
##...#######.##......
#....##....###....#..
#....#....#.#.#...#..
##.....#....#.....#..
#.####..............
## #...............
###........#.....


You could see an ogre.

Vanquished Creatures
  Sigmund (D:6)
  Eustachio (D:5)
  Duvessa (D:7)
  2 water moccasins (D:6)
  An ice beast (D:7)
  2 phantoms (D:4)
  3 ogres
  A centaur (D:6)
  A crocodile (D:7)
  A gnoll sergeant (D:6)
  2 bullfrogs (D:7)
  A scorpion (D:4)
  A killer bee (D:7)
  4 crimson imps (D:5)
  A bullfrog zombie (D:6)
  A quasit (D:7)
  3 hounds
  An orc priest (D:6)
  2 centaur skeletons
  A jelly (D:6)
  An iguana (D:5)
  5 orc wizards
  2 worker ants
  Natasha (thrice) (D:4)
  Terence (D:2)
  A hound skeleton (D:4)
  A worker ant zombie (D:7)
  Robin (D:3)
  13 gnolls
  10 adders
  2 shadow imps
  3 worms
  3 leopard geckos
  12 orcs
  3 giant cockroaches
  15 goblins
  11 hobgoblins
  3 jackals (D:1)
  A quokka (D:7)
  9 bats
  3 frilled lizards
  4 kobolds
  9 rats
147 creatures vanquished.

Vanquished Creatures (collateral kills)
  An ogre (D:7)
  A big kobold (D:7)
  A bullfrog (D:7)
  A gnoll sergeant (D:7)
  Dowan (D:7)
  A crimson imp (D:7)
  3 gnolls (D:7)
  4 jackals (D:7)
  A quokka (D:7)
  6 kobolds (D:7)
20 creatures vanquished.

Grand Total: 167 creatures vanquished

Notes
Turn   | Place    | Note
-------+----------+-------------------------------------------
     0 | D:1      | Exodus22XD the Human Berserker began the quest for the Orb.
     0 | D:1      | Reached XP level 1. HP: 18/18 MP: 1/1
   188 | D:1      | Reached XP level 2. HP: 24/24 MP: 2/2
   463 | D:1      | Reached XP level 3. HP: 16/29 MP: 3/3
  1675 | D:2      | Noticed Terence
  1689 | D:2      | Killed Terence
  1689 | D:2      | Reached ** piety under Trog
  1689 | D:2      | Reached XP level 4. HP: 19/37 MP: 4/4
  1977 | D:2      | Reached skill level 4 in Long Blades
  1978 | D:2      | Reached XP level 5. HP: 29/42 MP: 5/5
  2553 | D:2      | Noticed an ogre
  2562 | D:2      | Killed an ogre
  2562 | D:2      | Reached XP level 6. HP: 20/49 MP: 6/6
  2853 | D:2      | Found an opulent altar of Gozag.
  3132 | D:3      | Reached skill level 5 in Long Blades
  3675 | D:3      | Noticed Robin
  3695 | D:3      | Killed Robin
  4345 | D:4      | Found Qioxkuq's Jewellery Boutique.
  4662 | D:4      | Noticed Natasha
  4674 | D:4      | Killed Natasha
  4866 | D:4      | Found a bloodstained altar of Trog.
  4867 | D:4      | Found a hide-covered altar of Uskayaw.
  4868 | D:4      | Found a stormy altar of Qazlal.
  4868 | D:4      | Found an ornate altar of the Wu Jian Council.
  4870 | D:4      | Found a blossoming altar of Fedhas.
  4870 | D:4      | Found a snail-covered altar of Cheibriados.
  4871 | D:4      | Found an ancient bone altar of Kikubaaqudgha.
  4879 | D:4      | Noticed a phantom
  4929 | D:4      | Killed a phantom
  4929 | D:4      | Reached XP level 7. HP: 17/55 MP: 3/7
  5360 | D:4      | Reached skill level 6 in Long Blades
  5629 | D:4      | Noticed Natasha
  5633 | D:4      | Killed Natasha
  5849 | D:4      | Found a shimmering blue altar of Sif Muna.
  5960 | D:4      | Noticed Natasha
  5970 | D:4      | Killed Natasha
  5970 | D:4      | Reached skill level 5 in Fighting
  6012 | D:4      | Reached XP level 8. HP: 38/62 MP: 6/8
  6241 | D:5      | Entered Level 5 of the Dungeon
  6251 | D:5      | Reached *** piety under Trog
  6837 | D:5      | Found a shimmering altar of Xom.
  7005 | D:5      | Noticed Eustachio
  7039 | D:5      | Killed Eustachio
  7404 | D:6      | Noticed Sigmund
  7423 | D:6      | Killed Sigmund
  7423 | D:6      | Reached skill level 7 in Long Blades
  7423 | D:6      | Reached skill level 5 in Armour
  7447 | D:6      | Found Suhafrua's Antique Weapon Boutique.
  7452 | D:6      | Found a staircase to the Ecumenical Temple.
  7529 | D:6      | Reached XP level 9. HP: 51/69 MP: 7/9
  7550 | D:6      | Bought a long sword for 84 gold pieces
  8035 | D:6      | Reached skill level 8 in Long Blades
  8315 | D:6      | Found Qofes's Food Shop.
  8678 | D:7      | Noticed Dowan
  8684 | D:7      | Noticed Duvessa
  8697 | D:7      | Killed Duvessa
  8697 | D:7      | Reached **** piety under Trog
  8704 | D:7      | Killed Dowan
  8731 | D:7      | Reached skill level 9 in Long Blades
  9104 | D:7      | Reached skill level 5 in Dodging
  9104 | D:7      | Reached XP level 10. HP: 77/77 MP: 10/10
  9144 | D:7      | Slain by an ogre

Illustrated notes

Levels and vault maps discovered:
D:1:      dpeg_arrival_signposts, layout_basic, minmay_hedge_maze
D:2:      layout_basic, nicolae_gozag_seed_capital, uniq_terence
D:3:      layout_loops_ring, first_ration, patterned_corridor, uniq_robin
D:4:      layout_loops_ring, grunt_temple_overflow_open, gup_sewer_entry_glass,
          serial_shops, shop, led_sif_pool, uniq_natasha
D:5:      layout_gridville, led_xom_imps, uniq_eustachio
D:6:      layout_loops_ring, minmay_temple_entry_junction_2, serial_shops, shop,
          nicolae_shop_stone, uniq_sigmund
D:7:      layout_cave_pools, minmay_manual_monstrance, uniq_menkaure,
          uniq_duvessa

Skill      XL: |  1  2  3  4  5  6  7  8  9 |
---------------+----------------------------+-----
Long Blades    | 4 5 6 7 9 |  9.3
Fighting       | 4 5 6 |  6.7
Dodging        | 3 4 5 |  5.0
Armour         | 3 4 5 6 |  6.5

Action                   |  1- 3 |  4- 6 |  7- 9 | 10-12 || total
-------------------------+-------+-------+-------+-------++-------
Melee: Falchion          |    93 |   178 |   259 |       ||   530
       Long sword        |       |       |   168 |    27 ||   195
Invok: Berserk           |     2 |     4 |     6 |       ||    12
       Brothers in Arms  |       |       |     1 |       ||     1
 Stab: Sleeping          |     1 |       |       |       ||     1
  Eat: Chunk             |     2 |    16 |    12 |       ||    30
       Ration            |       |       |     2 |     1 ||     3
Armor: Animal skin       |    16 |    10 |       |       ||    26
       Ring mail         |       |    41 |       |       ||    41
       Scale mail        |       |       |   235 |    53 ||   288
Dodge: Dodged            |    59 |   113 |   306 |    75 ||   553
       Rpst.: Falchion   |    19 |    34 |    60 |       ||   113
       Long sword        |       |       |    41 |    19 ||    60
